 Dungeon Crawl Stone Soup version 0.31-a0-1300-gb6740aa4e6 (webtiles) character file.

Game seed: 4112018172176140945

262 grandjackal the Covered (level 5, -9/42 HPs)
             Began as an Armataur Fighter on Dec 18, 2023.
             Mangled by Edmund
             ... wielding a +3 heavy flail
              (15 damage)
             ... on level 4 of the Dungeon.
             The game lasted 00:03:23 (3049 turns).

grandjackal the Covered (Armataur Fighter)          Turns: 3049, Time: 00:03:23

Health: -9/42      AC:  8    Str: 23    XL:     5   Next: 97%
Magic:  5/5        EV:  7    Int:  8    God:
Gold:   157        SH:  4    Dex: 10    Spells: 4/4 levels left

rFire   + . .        a - +0 flail
rCold   . . .        c - +0 buckler
rNeg    . . .        b - +0 scale mail
rPois   .            s - +0 helmet
rElec   .            (no cloak)
rCorr   .            (no gloves)
SInv    .            (no barding)
Will    .....        (no amulet) Stlth
                     e - ring of protection from fire
HPRegen 0.27/turn    (no ring)
MPRegen 0.09/turn

%: roll
@: mighty
A: large, deformed body, tough skin 3, armoured tail, roll 1, long tongue
a: no special abilities


You were on level 4 of the Dungeon.
You visited 1 branch of the dungeon, and saw 4 of its levels.

You collected 157 gold pieces.

Inventory:

Hand Weapons
 a - a +0 flail (weapon)
 f - a +0 war axe
Armour
 b - a +0 scale mail (worn)
 c - a +0 buckler (worn)
 s - a +0 helmet (worn)
Jewellery
 e - a ring of protection from fire (left hand)
Wands
 r - a wand of polymorph (2)
Scrolls
 g - a scroll of enchant armour {unknown}
 j - a scroll of amnesia {unknown}
 l - 2 scrolls of teleportation {unknown}
 m - 3 scrolls of identify {unknown}
 n - 2 scrolls of fear {unknown}
 o - a scroll of summoning {unknown}
 q - a scroll of poison {unknown}
Potions
 d - a potion of might
 h - 2 potions of heal wounds {unknown}
 i - 4 potions of curing {unknown}
 k - 2 potions of mutation {unknown}
 p - 3 potions of cancellation {unknown}
 t - 3 potions of brilliance {unknown}


   Skills:
 + Level 3.9 Fighting
 + Level 3.3 Maces & Flails
 + Level 5.2 Armour
 - Level 4.2 Shields


You had 4 spell levels left.
You didn't know any spells.
Your spell library contained the following spells:

 Spells                   Type           Power      Damage    Failure   Level
 Shock                    Conj/Air       0%         1d3       77%         1
 Frozen Ramparts          Ice            0%         1d1       98%         3
 Swiftness                Air            0%         N/A       98%         3
 Airstrike                Air            0%         2d(0-16)  100%        4
 Leda's Liquefaction      Tmut/Erth      0%         N/A       100%        4
 Petrify                  Tmut/Erth      0%         N/A       100%        4
 Metabolic Englaciation   Hex/Ice        0%         N/A       100%        5


Dungeon Overview and Level Annotations

Branches:
Dungeon (4/15)
 Temple: D:4-7

Altars:
Vehumet
Xom
Yredelemnul
Lugonu

Portals:
Abyss: D:3

Annotations:
D:3 2 runed translucent doors
D:4 Edmund


Innate Abilities, Weirdness & Mutations

Armour fits poorly on your strangely shaped body.
You have extremely tough skin. (AC +3)
You have a long armoured tail.
You regenerate magic when rolling toward enemies. (Rampage MPRegen)
Your long tongue fully drains potion bottles. (2x potion effects)


Message History

Aiming: Polymorph
Press: ? - help, Shift-Dir - straight line, f/p - ogre
Aim: an ogre, wielding a +0 giant club (will become a black bear, a tengu, or a bullfrog, chance to affect: 49%)
Okay, then.
You barely miss the ogre. The ogre hits you with a +0 giant club.
You thump the ogre!
The ogre is moderately wounded.
The ogre hits you with a +0 giant club!
You feel very mighty all of a sudden.
You slurp down every last drop of the potion of might!
The ogre hits you with a +0 giant club!
* * * LOW HITPOINT WARNING * * *
You sock the ogre!
The ogre is almost dead.
The ogre barely misses you.
You sock the ogre!
You kill the ogre!
Your Armour skill increases to level 5!
Aiming: Polymorph
Press: ? - help, Shift-Dir - straight line, f - Edmund
Aim: Edmund, wielding a +3 heavy flail and wearing a +0 scale mail (will become a boggart, a wyvern, or a sky beast, chance to affect: 49%) Edmund resists with some effort.
Aiming: Polymorph
Press: ? - help, Shift-Dir - straight line, f/p - Edmund
Aim: Edmund, wielding a +3 heavy flail and wearing a +0 scale mail (will become a boggart, a wyvern, or a sky beast, chance to affect: 49%) Edmund resists with some effort.
You closely miss Edmund. Edmund misses you.
You sock Edmund!
Edmund is moderately wounded.
Edmund barely misses you.
You barely miss Edmund.
Edmund is moderately wounded.
You block Edmund's attack.
You bludgeon Edmund!!
Edmund is severely wounded.
You sock Edmund!
Edmund is severely wounded.
Edmund hits you with a +3 heavy flail!
You die...
Edmund whines, "They better pay attention to me now!"

#..!.......... ..
#...)........## ..##
#.............###...####
#......[.#..#..#..#. ...
#........#.###...###....
#......>.#..#..#..#.....
###.#...<...†...........
#.###@#####<###.## ###
#.###@#########.#
#...............#
#####.#.....#####
#####.#.....##########
##...........'.........
#.....).......##########
#.............#
#........######
.........####


You could see Edmund.

Vanquished Creatures
  An ogre (D:4)
  Robin (D:3)
  7 adders
  A river rat (D:4)
  A worm (D:3)
  3 dart slugs (D:2)
  3 orcs (D:3)
  6 bats
  6 endoplasms
  3 giant cockroaches
  10 goblins
  10 hobgoblins
  4 quokkas
  10 ball pythons
  4 frilled lizards
  4 kobolds
  6 rats
80 creatures vanquished.

Notes
Turn   | Place    | Note
-------+----------+-------------------------------------------
     0 | D:1      | grandjackal the Armataur Fighter began the quest for the
                  | Orb.
     0 | D:1      | Reached XP level 1. HP: 17/17 MP: 1/1
   193 | D:1      | Reached XP level 2. HP: 23/23 MP: 2/2
   881 | D:2      | Reached skill level 4 in Armour
   961 | D:2      | Reached XP level 3. HP: 24/29 MP: 3/3
  1740 | D:2      | Reached XP level 4. HP: 33/35 MP: 4/4
  1868 | D:3      | Found a large runed translucent door.
  1868 | D:3      | Found a large runed translucent door.
  1870 | D:3      | Found a corrupted altar of Lugonu.
  2035 | D:3      | Found a radiant altar of Vehumet.
  2045 | D:3      | Found a basalt altar of Yredelemnul.
  2209 | D:3      | Noticed Robin
  2233 | D:3      | Killed Robin
  2234 | D:3      | Reached XP level 5. HP: 18/41 MP: 5/5
  2538 | D:3      | Found a shimmering altar of Xom.
  2663 | D:3      | Found a one-way gate to the infinite horrors of the Abyss.
  2847 | D:4      | Noticed Sigmund
  2848 | D:4      | Sigmund changed into Sigmund the river rat
  2848 | D:4      | Noticed Sigmund
  2850 | D:4      | Noticed Edmund
  2859 | D:4      | Killed Sigmund the river rat
  2865 | D:4      | Noticed an ogre
  3042 | D:4      | Killed an ogre
  3043 | D:4      | Reached skill level 5 in Armour
  3049 | D:4      | Mangled by Edmund

Illustrated notes

Levels and vault maps discovered:
D:1:      amcnicky_arrival_underground_garden, layout_basic, serial_curves,
          eino_curves_04, eino_curves_01
D:2:      layout_basic, kennysheep_generic_room_2
D:3:      due_chaos_kobolds, layout_rooms, mainiacjoe_overflow_divided_tiny,
          regret_index_xom_buried_treasure, minmay_splitting_lines, st_stairs_2,
          uniq_robin
D:4:      layout_basic, kennysheep_nub, minmay_strange_pillars,
          minmay_distorted, uniq_edmund, uniq_sigmund

Skill      XL: |  1  2  3  4  5 |
---------------+----------------+-----
Maces & Flails | 2 3 |  3.3
Fighting       | 3 |  3.9
Armour         | 4 5 |  5.2
Shields        | 4 |  4.2

Action                     |  1- 3 |  4- 6 || total
---------------------------+-------+-------++-------
  Melee: Flail             |   123 |   116 ||   239
         Tailslap          |     7 |     6 ||    13
         Unarmed           |       |     7 ||     7
  Evoke: Wand              |       |     5 ||     5
    Use: Potion            |       |     1 ||     1
 Armour: Scale mail        |    81 |    95 ||   176
         Skin              |       |     3 ||     3
  Dodge: Dodged            |    34 |    45 ||    79
  Block: Buckler           |    23 |    30 ||    53

Table legend: (Time is in decaauts)
 A = Elapsed time spent in this place.
 B = Non-inter-level travel time spent in this place.
 C = Inter-level travel time spent in this place.
 D = Time resting spent in this place.
 E = Time spent auto-exploring this place.
 F = Levels seen in this place.
 G = Mean time per level.
                   A        B        C        D        E       F      G
               +--------+--------+--------+--------+--------+-----+--------+
         Total |   3120 |   2998 |    122 |    111 |   2296 |   4 |  780.0 |
       Dungeon |   3120 |   2998 |    122 |    111 |   2296 |   4 |  780.0 |
               +--------+--------+--------+--------+--------+-----+--------+

Top non-repeatable levels by time:
     D:3: 1000 daAuts
     D:2: 975 daAuts
     D:1: 871 daAuts
     D:4: 274 daAuts
